 Dungeon Sprint DCSS version 0.19.1 (webtiles) character file.

784 equalderp2856 the Ripper (level 7, -2/36 HPs)
             Began as a Felid Fighter on Dec 16, 2016.
             Was an Initiate of Gozag.
             Killed from afar by a lindwurm (23 damage)
             ... with a blast of flame
             ... in the Dungeon (Sprint IX: "|||||||||||||||||||||||||||||").
             The game lasted 00:04:13 (1093 turns).

equalderp2856 the Ripper (Felid Fighter)            Turns: 1093, Time: 00:04:14

Health: -2/36      AC:  2    Str: 16    XL:     7   Next: 55%
Magic:  8/8        EV: 29    Int:  9    God:    Gozag
Gold:   1743       SH:  0    Dex: 17    Spells: 0 memorised, 6 levels left
                                        Lives:  0   Deaths: 2

rFire  . . .     SeeInvis +       - Unarmed
rCold  . . .     Gourm    .     (armour unavailable)
rNeg   . . .     Faith    .     (shield unavailable)
rPois  .         Spirit   .     (helmet unavailable)
rElec  .         Reflect  .     (cloak unavailable)
rCorr  .         Harm     .     (gloves unavailable)
MR     +....     NoTele   +     (boots unavailable)
Stlth  +++.......               (no amulet)
                                n - +3 ring of strength
                                m - +2 ring of evasion

@: gold aura, quick
A: no armour, no weapons or thrown items, stealth, claws 1, fangs 3, see
invisible, carnivore 3, speed 1, shaggy fur 2, slow metabolism 1, sharp paws
a: Potion Petition, Call Merchant, Bribe Branch, Renounce Religion


You were in the Dungeon.
You worshipped Gozag.
Gozag was most pleased with you.
You were not hungry.

You visited 1 branch You collected 1743 gold pieces.

Inventory:

Jewellery
 m - a +2 ring of evasion (left paw)
 n - a +3 ring of strength (right paw)
Wands
 l - a wand of iceblast (7/15)
Scrolls
 h - 2 scrolls of blinking
 j - 3 scrolls of remove curse
 k - 2 scrolls of amnesia
Potions
 a - a potion of might
 c - 5 potions of curing
 d - a potion of heal wounds
 e - a potion of haste
 f - 4 potions of magic
 g - a potion of berserk rage
 i - a potion of invisibility
Comestibles
 b - 13 meat rations


   Skills:
 + Level 7.4 Fighting
 + Level 11.3 Dodging
 + Level 3.7 Stealth
 + Level 15.0 Unarmed Combat


You had 6 spell levels left.
You didn't know any spells.

Dungeon Overview and Level Annotations

Branches:
Dungeon (1/1)

Altars:
Cheibriados
Dithmenos
Elyvilon
Fedhas
Gozag
Hepliaklqana
Kikubaaqudgha
Makhleb
Nemelex Xobeh
Okawaru
Qazlal
Ru
Sif Muna
Trog
Uskayaw
Vehumet
Xom
Yredelemnul
Zin
The Shining One
Beogh
Jiyva
Lugonu


Innate Abilities, Weirdness & Mutations

You cannot wear armour.
You are incapable of wielding weapons or throwing items.
Your paws allow you to move quietly. (Stealth)
You have sharp claws.
You have razor-sharp teeth.
You have supernaturally acute eyesight. (SInv)
You are carnivorous and can eat meat at any time.
You cover ground quickly.
You are covered in thick fur. (AC +2)
You have a slow metabolism.
Your sharp claws are effective at attacking unaware monsters.


Message History

The lindwurm is lightly wounded.
You scratch the lindwurm but do no damage.
The lindwurm is lightly wounded.
The tyrant leech is distracted by the nearby gold.
The lindwurm breathes flames at you. The blast of flame misses you.
You scratch the lindwurm but do no damage.
The lindwurm is lightly wounded.
The lindwurm misses you. The lindwurm closely misses you.
The lindwurm completely misses you.
You scratch the lindwurm but do no damage.
The lindwurm is lightly wounded.
The tyrant leech is no longer distracted by gold.
You scratch the lindwurm but do no damage.
The lindwurm is lightly wounded.
The lindwurm breathes flames at you. The blast of flame hits you!
Ouch! That really hurt!
You die...
Your body crumbles into a pile of gold.

▓$▓
▓[▓.▓
▓F▓
▓[▓.▓$
▓.▓
▓.▓.▓$
▓C▓
▓%▓.▓$
▓Z▓
▓'▓.▓$
▓.▓
▓$▓.▓$
▓.▓
▓?▓.▓
▓C▓
▓$▓.▓$
▓.▓
▓@▓.▓
▓.▓
▓k▓.▓$
▓[▓
▓w▓.▓
▓[▓
▓w▓.▓$
▓[▓
▓.▓.▓
▓)▓
▓.▓.▓$
▓|▓
▓.▓.▓$
▓.▓
▓.▓.▓$
▓.▓
▓.▓.▓$


You could see a tyrant leech, a lindwurm and a worm.

Vanquished Creatures
  A lindwurm (D)
  A shadow (D)
  A yak (D)
  An orc warrior (D)
  A black bear (D)
  2 ogres (D)
  An orc priest (D)
  2 hounds (D)
  5 orc wizards (D)
  2 worker ants (D)
  4 worms (D)
  6 orcs (D)
  A bat skeleton (D)
  A bat zombie (D)
  A giant cockroach (D)
  2 goblins (D)
  A frilled lizard (D)
  A giant cockroach zombie (D)
  A jackal skeleton (D)
  2 rats (D)
37 creatures vanquished.

Notes
Turn   | Place    | Note
-------+----------+-------------------------------------------
     0 | D        | equalderp2856 the Felid Fighter began the quest for the Orb.
     0 | D        | Reached XP level 1. HP: 10/10 MP: 2/2
    16 | D        | Noticed a hound
    16 | D        | Noticed an ogre
    16 | D        | Noticed an ogre
    21 | D        | Killed an ogre
    21 | D        | Reached skill level 7 in Unarmed Combat
    21 | D        | Reached XP level 2. HP: 15/15 MP: 3/3
    21 | D        | Reached XP level 3. HP: 18/18 MP: 4/4
    21 | D        | Reached XP level 4. HP: 22/22 MP: 5/5
    26 | D        | Killed an ogre
    26 | D        | Reached skill level 5 in Fighting
    26 | D        | Reached skill level 9 in Unarmed Combat
    26 | D        | Reached XP level 5. HP: 26/26 MP: 6/6
    38 | D        | Reached skill level 10 in Unarmed Combat
   138 | D        | Found a roughly hewn altar of Beogh.
   138 | D        | Found a snail-covered altar of Cheibriados.
   138 | D        | Found a shadowy altar of Dithmenos.
   138 | D        | Found a white marble altar of Elyvilon.
   138 | D        | Found a blossoming altar of Fedhas.
   138 | D        | Found an opulent altar of Gozag.
   139 | D        | Found a hazy altar of Hepliaklqana.
   140 | D        | Found a viscous altar of Jiyva.
   141 | D        | Found an ancient bone altar of Kikubaaqudgha.
   142 | D        | Found a corrupted altar of Lugonu.
   143 | D        | Found a burning altar of Makhleb.
   144 | D        | Found a sparkling altar of Nemelex Xobeh.
   145 | D        | Found an iron altar of Okawaru.
   146 | D        | Became a worshipper of Gozag Ym Sagoz the Greedy
   147 | D        | Found a stormy altar of Qazlal.
   148 | D        | Found a sacrificial altar of Ru.
   149 | D        | Found a deep blue altar of Sif Muna.
   150 | D        | Found a bloodstained altar of Trog.
   151 | D        | Found a hide-covered altar of Uskayaw.
   152 | D        | Found a radiant altar of Vehumet.
   153 | D        | Found a shimmering altar of Xom.
   154 | D        | Found a basalt altar of Yredelemnul.
   155 | D        | Found a glowing silver altar of Zin.
   156 | D        | Found a glowing golden altar of the Shining One.
   181 | D        | Noticed a yak
   181 | D        | Noticed a black bear
   190 | D        | Killed a black bear
   190 | D        | Gained mutation: You are covered in thick fur. (AC +2) [Felid growth]
   190 | D        | Reached XP level 6. HP: 21/31 MP: 7/7
   194 | D        | Killed a yak
   194 | D        | Reached skill level 11 in Unarmed Combat
   198 | D        | Reached skill level 1 in Stealth
   198 | D        | Reached skill level 12 in Unarmed Combat
   432 | D        | Noticed a hill giant
   432 | D        | Noticed a shadow
   447 | D        | Killed a shadow
   447 | D        | Reached skill level 10 in Dodging
   447 | D        | Reached skill level 13 in Unarmed Combat
   447 | D        | Reached XP level 7. HP: 24/35 MP: 8/8
   570 | D        | Slain by a hill giant
   571 | D        | Reached XP level 6. HP: -5/31 MP: 7/7
   705 | D        | Noticed an orc warrior
   753 | D        | Killed an orc warrior
   753 | D        | Reached XP level 7. HP: 22/36 MP: 8/8
  1061 | D        | Noticed a lindwurm
  1064 | D        | Noticed a lindwurm
  1068 | D        | Noticed a tyrant leech
  1081 | D        | Killed from afar by a lindwurm
  1082 | D        | Reached XP level 6. HP: -9/33 MP: 7/7
  1087 | D        | Killed a lindwurm
  1087 | D        | Reached skill level 15 in Unarmed Combat
  1087 | D        | Reached XP level 7. HP: 36/36 MP: 8/8
  1093 | D        | Killed from afar by a lindwurm

Skill      XL: |  1  2  3  4  5  6 |
---------------+-------------------+-----
Fighting       | 4 5 6 7 |  7.4
Dodging        | 6 7 8 11 | 11.3
Unarmed Combat | 7 9 10 15 | 15.0
Stealth        | 3 |  3.7

Action                   |  1- 3 |  4- 6 |  7- 9 || total
-------------------------+-------+-------+-------++-------
Melee: Unarmed           |    11 |    75 |    33 ||   119
       Punch             |       |     6 |       ||     6
       Bite              |       |     9 |     1 ||    10
  Use: Potion            |       |     2 |       ||     2
Armor: Skin              |       |     2 |       ||     2
Dodge: Dodged            |     5 |    56 |    25 ||    86
